 Dungeon Crawl Stone Soup version 0.30.1-11-g7821555f0a (webtiles) character file.

Game seed: 3817052556712513003

109 leafyfresh the Covert (level 4, -1/41 HPs)
             Began as a Gnoll Delver on Nov 2, 2023.
             Slain by a centaur (4 damage)
             ... on level 6 of the Dungeon.
             The game lasted 00:01:08 (803 turns).

leafyfresh the Covert (Gnoll Delver)                 Turns: 803, Time: 00:01:09

Health: -1/41      AC:  3    Str: 12    XL:     4   Next: 90%
Magic:  6/6        EV: 13    Int: 11    God:
Gold:   57         SH:  0    Dex: 13    Spells: 5/5 levels left

rFire   . . .        e - +3 hand axe (flame)
rCold   . . .        (no shield)
rNeg    . . .        b - +0 leather armour
rPois   .            (no helmet)
rElec   .            (no cloak)
rCorr   .            (no gloves)
SInv    .            (no boots)
Will    .....        (no amulet)
Stlth   ++++         (no ring)
HPRegen 0.26/turn    (no ring)
MPRegen 0.10/turn

%: no passive effects
@: no status effects
A: fangs 1, strong nose, distributed training
a: no special abilities


You were on level 6 of the Dungeon.
You visited 1 branch of the dungeon, and saw 2 of its levels.

You collected 57 gold pieces.

Inventory:

Hand Weapons
 a - a +0 short sword
 e - a +3 hand axe of flaming (weapon)
Armour
 b - a +0 leather armour (worn)
Wands
 g - a wand of digging (3)
Scrolls
 c - 2 scrolls of fog
 d - a scroll of magic mapping
 h - a scroll of enchant weapon {unknown}
Potions
 f - a potion of haste
 i - a potion of heal wounds {unknown}
 j - a potion of brilliance {unknown}


   Skills:
 + Level 6.6 Fighting
 + Level 4.7 Short Blades
 + Level 1.3 Long Blades
 + Level 1.3 Axes
 + Level 1.3 Maces & Flails
 + Level 1.3 Polearms
 + Level 1.3 Staves
 + Level 1.3 Ranged Weapons
 + Level 1.3 Throwing
 + Level 1.3 Armour
 + Level 4.7 Dodging
 + Level 9.6 Stealth
 + Level 1.3 Shields
 + Level 1.3 Unarmed Combat
 + Level 1.3 Spellcasting
 + Level 1.1 Conjurations
 + Level 1.1 Hexes
 + Level 1.1 Summonings
 + Level 1.1 Necromancy
 + Level 1.1 Translocations
 + Level 1.1 Transmutations
 + Level 1.1 Fire Magic
 + Level 1.1 Ice Magic
 + Level 1.1 Air Magic
 + Level 1.1 Earth Magic
 + Level 1.1 Poison Magic
 + Level 1.5 Invocations
 + Level 1.3 Evocations


You had 5 spell levels left.
You didn't know any spells.
Your spell library was empty.

Dungeon Overview and Level Annotations

Branches:
Dungeon (6/15)
 Temple: D:4-7

Altars:
Xom


Innate Abilities, Weirdness & Mutations

You have very sharp teeth.
Your uncanny sense of smell can sniff out nearby items.
Your experience applies equally to all skills.


Message History

The centaur hits you.
The centaur kicks you but does no damage.
You hit the centaur. You burn the centaur.
The centaur is heavily wounded.
The centaur hits you.
The centaur kicks you but does no damage.
The centaur closely misses you. x2
You closely miss the centaur. You bite the centaur, but do no damage.
The centaur is heavily wounded.
The centaur hits you. The centaur closely misses you. The centaur hits you.
The centaur completely misses you.
You are too injured to fight recklessly!
You are too injured to fight recklessly!
The centaur closely misses you. x2
The centaur wields a +0 shortbow.
The centaur shoots an arrow.
The arrow misses you.
The centaur shoots an arrow.
The arrow hits you!
* * * LOW HITPOINT WARNING * * *
Unknown command.
The centaur unwields a +0 shortbow.
The centaur closely misses you. The centaur misses you.
You hit the centaur but do no damage.
The centaur is heavily wounded.
The centaur hits you.
* * * LOW HITPOINT WARNING * * *
The centaur kicks you but does no damage.
The centaur hits you.
* * * LOW HITPOINT WARNING * * *
The centaur kicks you.
* * * LOW HITPOINT WARNING * * *
You hit the centaur but do no damage.
The centaur is heavily wounded.
The centaur hits you.
* * * LOW HITPOINT WARNING * * *
The centaur closely misses you. The centaur completely misses you.
The centaur closely misses you.
Unknown command.
You hit the centaur. You burn the centaur.
The centaur is heavily wounded.
The centaur hits you.
You die...

.##.#######..#..#
.##.......##.#..### ...
..[.#####........... ...
.##..#######.....##...$.
.##..†...#.....#.# .....
.##..###....#.##.##.....
.##.#..(..#...##........
......#######....c......
###.### #...@#.####.
....# #........... ...)#
##.......... ....#
####....... ....#
....... ....# .......
....# ....... ..>.#
....... .(..# .......


You could see a centaur.

Vanquished Creatures
  A howler monkey (D:6)
  A gnoll bouda (D:6)
  An iguana (D:6)
  A white imp (D:6)
  4 orcs (D:6)
8 creatures vanquished.

Notes
Turn   | Place    | Note
-------+----------+-------------------------------------------
     0 | D:5      | Reached skill level 9 in Stealth
     0 | D:5      | leafyfresh the Gnoll Delver began the quest for the Orb.
     0 | D:5      | Reached XP level 1. HP: 23/23 MP: 1/1
     2 | D:5      | Found a shimmering altar of Xom.
    40 | D:6      | Noticed a gnoll bouda
    46 | D:6      | Killed a gnoll bouda
    47 | D:6      | Reached XP level 2. HP: 29/29 MP: 1/3
    47 | D:6      | Reached XP level 3. HP: 35/35 MP: 1/4
    88 | D:6      | Reached skill level 1 in Invocations
   184 | D:6      | Reached skill level 1 in Long Blades
   184 | D:6      | Reached skill level 1 in Axes
   184 | D:6      | Reached skill level 1 in Maces & Flails
   184 | D:6      | Reached skill level 1 in Polearms
   184 | D:6      | Reached skill level 1 in Staves
   184 | D:6      | Reached skill level 1 in Ranged Weapons
   184 | D:6      | Reached skill level 1 in Throwing
   184 | D:6      | Reached skill level 1 in Armour
   184 | D:6      | Reached skill level 1 in Shields
   184 | D:6      | Reached skill level 1 in Unarmed Combat
   184 | D:6      | Reached skill level 1 in Spellcasting
   184 | D:6      | Reached skill level 1 in Evocations
   184 | D:6      | Reached XP level 4. HP: 4/41 MP: 5/5
   710 | D:6      | Reached skill level 1 in Conjurations
   710 | D:6      | Reached skill level 1 in Hexes
   710 | D:6      | Reached skill level 1 in Summonings
   710 | D:6      | Reached skill level 1 in Necromancy
   710 | D:6      | Reached skill level 1 in Translocations
   710 | D:6      | Reached skill level 1 in Transmutations
   710 | D:6      | Reached skill level 1 in Fire Magic
   710 | D:6      | Reached skill level 1 in Ice Magic
   710 | D:6      | Reached skill level 1 in Air Magic
   710 | D:6      | Reached skill level 1 in Earth Magic
   710 | D:6      | Reached skill level 1 in Poison Magic
   789 | D:6      | Noticed a centaur
   802 | D:6      | HP: 2/41 [centaur (1)]
   803 | D:6      | Slain by a centaur

Illustrated notes

Levels and vault maps discovered:
D:5:      layout_basic, nicolae_overflow_hidden_temple, hex_large
D:6:      layout_rooms, ebering_ghost_sewer_d, minmay_diced_spiral

Skill      XL: |  1  2  3  4 |
---------------+-------------+-----
Stealth        | |  9.6
Invocations    | 1 |  1.5
Long Blades    | 1 |  1.3
Axes           | 1 |  1.3
Maces & Flails | 1 |  1.3
Polearms       | 1 |  1.3
Staves         | 1 |  1.3
Ranged Weapons | 1 |  1.3
Throwing       | 1 |  1.3
Armour         | 1 |  1.3
Shields        | 1 |  1.3
Unarmed Combat | 1 |  1.3
Spellcasting   | 1 |  1.3
Evocations     | 1 |  1.3
Conjurations   | 1 |  1.1
Hexes          | 1 |  1.1
Summonings     | 1 |  1.1
Necromancy     | 1 |  1.1
Translocations | 1 |  1.1
Transmutations | 1 |  1.1
Fire Magic     | 1 |  1.1
Ice Magic      | 1 |  1.1
Air Magic      | 1 |  1.1
Earth Magic    | 1 |  1.1
Poison Magic   | 1 |  1.1
Fighting       | |  6.6
Short Blades   | |  4.7
Dodging        | |  4.7

Action                     |  1- 3 |  4- 6 || total
---------------------------+-------+-------++-------
  Melee: Short sword       |    33 |    32 ||    65
         Bite              |     2 |     4 ||     6
         Hand axe          |       |     8 ||     8
    Use: Scroll            |       |     1 ||     1
   Stab: Sleeping          |     1 |     2 ||     3
 Armour: Leather armour    |     2 |    14 ||    16
  Dodge: Dodged            |    14 |    34 ||    48
